 Dungeon Crawl Stone Soup version 0.31-a0-1626-g5cb510d322 (webtiles) character file.

Game seed: 11261205281565447509

57 ragingrage the Conjurer (level 3, 0/28 HPs)
             Began as an Armataur Conjurer on Jan 12, 2024.
             Slain by a ribbon worm (4 damage)
             ... on level 3 of the Dungeon.
             The game lasted 00:02:01 (1571 turns).

ragingrage the Conjurer (Armataur Conjurer)         Turns: 1571, Time: 00:02:02

Health: 0/28       AC:  4    Str: 12    XL:     3   Next: 73%
Magic:  4/5        EV:  9    Int: 20    God:
Gold:   88         SH:  0    Dex:  8    Spells: 2/5 levels left

rFire   . . .        a - +2 dagger (venom)
rCold   . . .        (no shield)
rNeg    . . .        c - +0 robe
rPois   .            (no helmet)
rElec   .            (no cloak)
rCorr   .            (no gloves)
SInv    .            (no barding)
Will    .....        (no amulet)
Stlth   ++           (no ring)
HPRegen 0.24/turn    (no ring)
MPRegen 0.09/turn

%: roll
@: mighty
A: large, deformed body, tough skin 3, armoured tail, roll 1
a: no special abilities


You were on level 3 of the Dungeon.
You visited 1 branch of the dungeon, and saw 3 of its levels.

You collected 88 gold pieces.

Inventory:

Hand Weapons
 a - a +2 dagger of venom (weapon)
Armour
 c - a +0 robe (worn)
Scrolls
 e - a scroll of identify {unknown}
 f - 6 scrolls of teleportation {unknown}
 i - a scroll of fog {unknown}
 j - a scroll of amnesia {unknown}
Potions
 b - a potion of magic
 d - a potion of heal wounds {unknown}
 g - a potion of enlightenment {unknown}
 h - a potion of curing {unknown}
 k - a potion of might


   Skills:
 + Level 1.4 Fighting
 - Level 1.3 Dodging
 + Level 2.4 Stealth
 - Level 1.7 Spellcasting
 * Level 4.5 Conjurations


You had 2 spell levels left.
You knew the following spells:

 Your Spells              Type           Power      Damage    Failure   Level
a - Magic Dart            Conj           76%        1d6       2%          1
b - Searing Ray           Conj           38%        2d5       3%          2

Your spell library contained the following spells:

 Spells                   Type           Power      Damage    Failure   Level
 Fulminant Prism          Conj/Alch      5%         3d7       54%         4
 Iskenderun's Mystic Bla  Conj/Tloc      10%        2d4       54%         4


Dungeon Overview and Level Annotations

Branches:
Dungeon (3/15)

Altars:

Portals:
Sewer: D:3

Annotations:
D:2 Sigmund


Innate Abilities, Weirdness & Mutations

Armour fits poorly on your strangely shaped body.
You have extremely tough skin. (AC +3)
You have a long armoured tail.
You regenerate magic when rolling toward enemies. (Rampage MPRegen)


Message History

You are caught in a web!
You struggle to detach yourself from the web.
You are caught in a web!
The web tears apart.
You hit the ribbon worm.
The ribbon worm is poisoned.
The ribbon worm expels a string of sticky webbing.
The stream of webbing hits you but does no damage.
You are caught in a web!
The ribbon worm expels a string of sticky webbing.
The stream of webbing hits you but does no damage.
You are even more entangled.
The web tears apart.
The ribbon worm bites you.
You hit the ribbon worm.
The ribbon worm looks as sick as possible!
The ribbon worm barely misses you. The ribbon worm closely misses you.
You hit the ribbon worm.
The ribbon worm looks as sick as possible!
The ribbon worm bites you! The ribbon worm bites you.
You hit the ribbon worm but do no damage.
You punch the ribbon worm.
The ribbon worm expels a string of sticky webbing.
The stream of webbing misses you.
You barely miss the ribbon worm. The ribbon worm bites you!
* * * LOW HITPOINT WARNING * * *
The ribbon worm bites you.
* * * LOW HITPOINT WARNING * * *
You hit the ribbon worm.
The ribbon worm is poisoned.
The ribbon worm closely misses you.
It was a potion of might.
You feel very mighty all of a sudden.
The ribbon worm expels a string of sticky webbing.
The stream of webbing hits you but does no damage.
You are caught in a web!
The ribbon worm barely misses you.
You struggle to detach yourself from the web.
The ribbon worm barely misses you.
The ribbon worm expels a string of sticky webbing.
The stream of webbing hits you but does no damage.
You are even more entangled.
The web tears apart.
The ribbon worm bites you.
You die...

##### #~..## ##
#.~~~~ ... .w~~
....
#~w∩####...#
#~~##......#
#~~#.....#.#
#~~#@w.....# #
###~~#w#####.. #
##~~...#
##~....# #####
###....### ...
#..#...## #.#
######..#
##.####
##.#######......
#.......>....##


You could see 2 ribbon worms.

Vanquished Creatures
  2 adders (D:2)
  4 ball pythons
  5 endoplasms
  A giant cockroach (D:1)
  3 goblins
  5 hobgoblins
  3 jackals
  3 bats
  2 frilled lizards (D:1)
  3 kobolds
  4 rats
35 creatures vanquished.

Notes
Turn   | Place    | Note
-------+----------+-------------------------------------------
     0 | D:1      | ragingrage the Armataur Conjurer began the quest for the
                  | Orb.
     0 | D:1      | Reached XP level 1. HP: 14/14 MP: 3/3
   278 | D:1      | Reached XP level 2. HP: 22/22 MP: 2/4
   391 | D:1      | Reached skill level 4 in Conjurations
   528 | D:1      | Reached skill level 1 in Fighting
   668 | D:2      | Noticed Sigmund
   832 | D:2      | Reached XP level 3. HP: 28/28 MP: 2/5
   835 | D:2      | Learned a level 2 spell: Searing Ray
  1539 | D:3      | Found a glowing drain.
  1571 | D:3      | Slain by a ribbon worm

Illustrated notes

Levels and vault maps discovered:
D:1:      saegor_arrival_simple_a, layout_rooms
D:2:      layout_loops_ring, hangedman_decor_diamond_cutter, uniq_sigmund
D:3:      layout_basic, nicolae_uskayaw_en_pointe, cheibrodos_sewer_entry_bend,
          hangedman_abyss_or_decor_lesser_grid, nicolae_eternal_life,
          minivault_24, uniq_grinder

Skill      XL: |  1  2 |
---------------+-------+-----
Conjurations   | 4 |  4.5
Fighting       | 1 |  1.4
Dodging        | |  1.3
Stealth        | |  2.4
Spellcasting   | |  1.7

Action                     || total
---------------------------++-------
  Melee: Dagger            ||    33
         Tailslap          ||     3
         Punch             ||     1
   Cast: Magic Dart        ||    53
    Use: Potion            ||     1
   Stab: Sleeping          ||     3
 Armour: Robe              ||    41
  Dodge: Dodged            ||    37

Table legend: (Time is in decaauts)
 A = Elapsed time spent in this place.
 B = Non-inter-level travel time spent in this place.
 C = Inter-level travel time spent in this place.
 D = Time resting spent in this place.
 E = Time spent auto-exploring this place.
 F = Levels seen in this place.
 G = Mean time per level.
                   A        B        C        D        E       F      G
               +--------+--------+--------+--------+--------+-----+--------+
         Total |   1570 |   1499 |     71 |    160 |   1051 |   3 |  523.3 |
       Dungeon |   1570 |   1499 |     71 |    160 |   1051 |   3 |  523.3 |
               +--------+--------+--------+--------+--------+-----+--------+

Top non-repeatable levels by time:
     D:1: 759 daAuts
     D:2: 728 daAuts
     D:3: 82 daAuts
